 Dungeon Crawl Stone Soup version 0.31-a0-925-g0a390f2509 (webtiles) character file.

Game seed: 4162510901898505327

147 lunkers the Ruffian (level 5, -2/40 HPs)
             Began as a Meteoran Shapeshifter on Oct 18, 2023.
             Slain by a gnoll
             ... wielding a +0 club
              (4 damage)
             ... on level 3 of the Dungeon.
             The game lasted 00:01:40 (961 turns).

lunkers the Ruffian (Meteoran Shapeshifter)          Turns: 961, Time: 00:01:40

Health: -2/40      AC:  5    Str: 16    XL:     5   Next: 86%
Magic:  6/6        EV: 11    Int: 11    God:
Gold:   61         SH:  0    Dex: 15    Spells: 4/4 levels left

rFire   . .          .
                       - Unarmed
rCold   . . .        (no shield)
rNeg    . . .        n - +0 ring mail {rPois}
rPois   +            (helmet currently unavailable)
rElec   .            (cloak currently unavailable)
rCorr   .            (gloves currently unavailable)
SInv    .            (boots currently unavailable)
Will    .....        (no amulet)
Stlth   +            (no ring)
HPRegen 0.26/turn    (no ring)
MPRegen 0.10/turn

%: no passive effects
@: beast-form, glowing
A: beast (slay +2), sense surroundings 1, otherworldly, glowing, explore regen
a: Begin Untransformation


You were on level 3 of the Dungeon.
You were a hulking beast.
You visited 1 branch of the dungeon, and saw 3 of its levels.

You collected 61 gold pieces.

Inventory:

Armour
 a - a +0 animal skin
 f - a +0 ring mail
 m - a +0 cloak
 n - a +0 ring mail of poison resistance (worn)
Jewellery
 e - a ring of ice
 k - a +6 ring of intelligence
Talismans
 c - a beast talisman (active)
 d - a flux talisman
Scrolls
 h - a scroll of fog {unknown}
 j - 3 scrolls of identify {unknown}
 o - a scroll of revelation {unknown}
 p - a scroll of poison {unknown}
Potions
 b - a potion of lignification
 g - 3 potions of curing {unknown}
 i - a potion of invisibility {unknown}
 l - 2 potions of heal wounds {unknown}


   Skills:
 - Level 1.1 Fighting
 - Level 2.1 Dodging
 * Level 6.1 Unarmed Combat
 + Level 4.8 Shapeshifting


You had 4 spell levels left.
You didn't know any spells.
Your spell library contained the following spells:

 Spells                   Type           Power      Damage    Failure   Level
 Cigotuvi's Dreadful Rot  Necr/Pois/Air  0%         N/A       71%         2
 Dispel Undead            Necr           0%         3d6       100%        4
 Death Channel            Necr           0%         N/A       100%        6


Dungeon Overview and Level Annotations

Branches:
Dungeon (3/15) Zot: 847

Altars:


Innate Abilities, Weirdness & Mutations

You are a hulking beast.
Your limbs bulge with bestial killing power. (Slay +2)
You passively map a small area around you.
You are easily found by Zot.
You glow in the dark.
You regain HP and MP as you explore.


Message History

Unknown command.
You punch the gnoll!
You kill the gnoll!
Your Unarmed Combat skill increases to level 6!
Unknown command.
You punch the gnoll!
The gnoll is severely wounded.
The gnoll closely misses you.
Unknown command.
You punch the gnoll!
You kill the gnoll!
The bat barely misses you.
Unknown command.
The gnoll hits you with a +0 club.
* * * LOW HITPOINT WARNING * * *
The bat hits you but does no damage.
Things that are here:
a +0 whip; a +0 spear; a +0 sling Unknown command.
The bat hits you but does no damage. The bat closely misses you.
You punch the bat!
You kill the bat!
Unknown command.
You completely miss the gnoll. The gnoll closely misses you.
A quokka comes into view.
You punch the gnoll!
The gnoll is heavily wounded.
The gnoll hits you but does no damage.
You barely miss the gnoll.
The gnoll is heavily wounded.
The gnoll hits you with a +0 club.
* * * LOW HITPOINT WARNING * * *
You barely miss the gnoll.
The gnoll is heavily wounded.
The gnoll hits you with a +0 club.
* * * LOW HITPOINT WARNING * * *
You hit the gnoll.
The gnoll is almost dead.
The gnoll hits you with a +0 club.
You die...

#####.# *
#.#,* #.#
#.#, ,
#.# #.#
#.# #.# *
#h# * * *
#g#
.......r#
* ,
######..#
,,, ....
* *
.....,,
,..#.###,
#...#
≈~~~


You could see a gnoll and a quokka.

Vanquished Creatures
  An orc wizard (D:2)
  3 gnolls
  3 adders (D:3)
  2 river rats (D:3)
  3 orcs (D:2)
  4 endoplasms
  A goblin (D:1)
  3 hobgoblins
  6 jackals
  5 quokkas
  2 ball pythons
  4 bats
  2 frilled lizards (D:1)
  A kobold (D:1)
  9 rats
49 creatures vanquished.

Notes
Turn   | Place    | Note
-------+----------+-------------------------------------------
     0 | D:1      | lunkers the Meteoran Shapeshifter began the quest for the
                  | Orb.
     0 | D:1      | Reached XP level 1. HP: 16/16 MP: 2/2
    77 | D:1      | Reached skill level 4 in Unarmed Combat
    77 | D:1      | Reached XP level 2. HP: 23/23 MP: 3/3
   302 | D:1      | Reached XP level 3. HP: 11/28 MP: 4/4
   504 | D:1      | Glimpsed the power of Zot.
   712 | D:2      | Reached XP level 4. HP: 35/35 MP: 5/5
   725 | D:2      | Reached skill level 5 in Unarmed Combat
   853 | D:3      | Reached XP level 5. HP: 34/40 MP: 6/6
   952 | D:3      | Reached skill level 6 in Unarmed Combat
   960 | D:3      | HP: 2/40 [gnoll/+0 club (5)]
   961 | D:3      | Slain by a gnoll

Illustrated notes

Levels and vault maps discovered:
D:1:      scummos_arrival_checkerplants, layout_basic
D:2:      layout_basic, reono_crystal_passage, serial_bayou_crossing
D:3:      layout_loops_ring, nicolae_overflows_in_rows,
          lightli_sewer_entry_pipes, basic_ecumenical_altar,
          chequers_serial_rivers_micro_a, uniq_crazy_yiuf_cottage

Skill      XL: |  1  2  3  4  5 |
---------------+----------------+-----
Unarmed Combat | 4 5 6 |  6.1
Shapeshifting  | 4 |  4.8
Fighting       | |  1.1
Dodging        | |  2.1

Action                     |  1- 3 |  4- 6 || total
---------------------------+-------+-------++-------
  Melee: Unarmed           |    78 |    85 ||   163
         Punch             |     2 |     1 ||     3
 Armour: Animal skin       |     3 |       ||     3
         Ring mail         |    39 |    52 ||    91
  Dodge: Dodged            |    41 |    38 ||    79

Table legend: (Time is in decaauts)
 A = Elapsed time spent in this place.
 B = Non-inter-level travel time spent in this place.
 C = Inter-level travel time spent in this place.
 D = Time resting spent in this place.
 E = Time spent auto-exploring this place.
 F = Levels seen in this place.
 G = Mean time per level.
                   A        B        C        D        E       F      G
               +--------+--------+--------+--------+--------+-----+--------+
         Total |    951 |    917 |     34 |      0 |    589 |   3 |  317.0 |
       Dungeon |    951 |    917 |     34 |      0 |    589 |   3 |  317.0 |
               +--------+--------+--------+--------+--------+-----+--------+

Top non-repeatable levels by time:
     D:1: 534 daAuts
     D:2: 284 daAuts
     D:3: 131 daAuts
